 Dungeon Crawl Stone Soup version 0.27-a0-58-g0ec5f8ab93 (webtiles) character file.

Game seed: 16587585599702186797

23 Morbidden the Skirmisher (level 2, 0/16 HPs)
             Began as a Vine Stalker Fighter on Jan 8, 2021.
             Succumbed to an adder's poison
             ... on level 2 of the Dungeon.
             The game lasted 00:00:54 (419 turns).

Morbidden the Skirmisher (Vine Stalker Fighter)      Turns: 419, Time: 00:00:54

Health: 0/16       AC:  6    Str: 18    XL:     2   Next: 95%
Magic:  3/3        EV:  7    Int:  8    God:
Gold:   17         SH:  9    Dex: 13    Spells: 2/2 levels left

rFire    . . .     SeeInvis .   a - +0 long sword
rCold    . . .     Faith    .   c - +0 kite shield
rNeg     . . .     Spirit   +   b - +0 scale mail
rPois    .         Reflect  .   (no helmet)
rElec    .         Harm     .   (no cloak)
rCorr    .         Rampage  .   (no gloves)
Will     .....                  (no boots)
Stlth    ..........             (no amulet)
HPRegen  0.05/turn              (no ring)
MPRegen  0.08/turn              (no ring)

@: lethally poisoned (0 -> -4)
A: fangs 2, magic shield, antimagic bite, no potion heal 3
a: no special abilities


You were on level 2 of the Dungeon.
You visited 1 branch of the dungeon, and saw 2 of its levels.

You collected 17 gold pieces.

Inventory:

Hand Weapons
 a - a +0 long sword (weapon)
Missiles
 e - 17 poisoned darts (quivered)
Armour
 b - a +0 scale mail (worn)
 c - a +0 kite shield (worn)
Scrolls
 f - a scroll of amnesia
 i - a scroll of remove curse
Potions
 d - a potion of might


   Skills:
 * Level 3.0 Fighting
 + Level 1.9 Long Blades
 + Level 2.6 Armour
 + Level 2.8 Shields
 * Level 0.5 Spellcasting


You had 2 spell levels left.
You didn't know any spells.
Your spell library was empty.

Dungeon Overview and Level Annotations

Branches:
Dungeon (1/15)

Altars:


Innate Abilities, Weirdness & Mutations

You have extremely sharp teeth.
When hurt, damage is shared between your health and your magic reserves.
Your bite disrupts and absorbs the magic of your enemies.
Potions cannot restore your health.


Message History

You hear a shout! x2; You hear an angry hiss. x5; You hear a shout!
You hear an angry hiss.
Unknown command.
As you read the scroll labelled TIHOVE KUGOGGI, it crumbles to dust.
It is a scroll of identify.
f - a scroll of amnesia
* * * LOW HITPOINT WARNING * * *
You feel sick.
Unknown command.
Okay, then.
* * * LOW HITPOINT WARNING * * *
You feel sick.
A frilled lizard comes into view.
The frilled lizard hisses angrily.
* * * LOW HITPOINT WARNING * * *
You feel sick.
An adder comes into view.
An adder comes into view.
The adder hisses angrily.
You die...

.... ...... ......#
....# ...# ##.#####
#......# #..S@..#
##########......#
#...............#
#.(.....[...l...#
#...............#
#...............#
#.................
#..........S.......
#........†..###....


You could see 2 adders and a frilled lizard.

Vanquished Creatures
  An adder (D:2)
  A leopard gecko (D:1)
  A bat (D:1)
  A giant cockroach (D:1)
  A hobgoblin (D:1)
  3 kobolds (D:1)
  3 frilled lizards (D:1)
  4 rats (D:1)
15 creatures vanquished.

Notes
Turn   | Place    | Note
-------+----------+-------------------------------------------
     0 | D:1      | Morbidden the Vine Stalker Fighter began the quest for the
                  | Orb.
     0 | D:1      | Reached XP level 1. HP: 11/11 MP: 2/2
   101 | D:1      | Reached XP level 2. HP: 13/16 MP: 3/3
   297 | D:1      | Reached skill level 3 in Fighting
   394 | D:1      | You fall into a shaft and drop 1 floor!
   419 | D:2      | Succumbed to an adder's poison

Illustrated notes

Levels and vault maps discovered:
D:1:      dpeg_arrival_shelter, layout_loops_ring
D:2:      layout_basic, elyvilon_altar_1, uniq_natasha, uniq_robin

Skill      XL: |  1  2 |
---------------+-------+-----
Fighting       | 3 |  3.0
Long Blades    | |  1.9
Armour         | |  2.6
Shields        | |  2.8
Spellcasting   | |  0.5

Action                   || total
-------------------------++-------
Melee: Long sword        ||    40
       Bite              ||     9
  Use: Scroll            ||     3
Armor: Scale mail        ||    17
Dodge: Dodged            ||    15
Block: Kite shield       ||    21
       Rpst.: Long sword ||     6

Table legend: (Time is in decaauts)
 A = Elapsed time spent in this place.
 B = Non-inter-level travel time spent in this place.
 C = Inter-level travel time spent in this place.
 D = Time resting spent in this place.
 E = Time spent auto-exploring this place.
 F = Levels seen in this place.
 G = Mean time per level.
                   A        B        C        D        E       F      G
               +--------+--------+--------+--------+--------+-----+--------+
         Total |    434 |    434 |      0 |      0 |    310 |   2 |  217.0 |
       Dungeon |    434 |    434 |      0 |      0 |    310 |   2 |  217.0 |
               +--------+--------+--------+--------+--------+-----+--------+

Top non-repeatable levels by time:
     D:1: 408 daAuts
     D:2: 26 daAuts
